 Dungeon Crawl Stone Soup version 0.26-a0-1205-g4083c211ab (webtiles) character file.

Game seed: 8333946705699235305

69 vvl the Firebug (level 4, 0/30 HPs)
             Began as a Demonspawn Fire Elementalist on Dec 29, 2020.
             Succumbed to Crazy Yiuf's poison
             ... on level 2 of the Dungeon.
             The game lasted 00:08:45 (2415 turns).

vvl the Firebug (Demonspawn Fire Elementalist)      Turns: 2415, Time: 00:08:46

Health: 0/30       AC:  7    Str:  8    XL:     4   Next: 2%
Magic:  0/7        EV: 11    Int: 18    God:
Gold:   72         SH:  0    Dex: 13    Spells: 6/7 levels left

rFire    + . .     SeeInvis .   s - +0 dagger (venom)
rCold    . . .     Faith    .   (no shield)
rNeg     . . .     Spirit   +   d - +0 leather armour {rF+}
rPois    .         Reflect  .   (no helmet)
rElec    .         Harm     .   i - +0 cloak
rCorr    .         Rampage  .   u - +2 pair of gloves
Will     .....                  (no boots)
Stlth    +++.......             (no amulet)
HPRegen  0.10/turn              n - ring of stealth
MPRegen  0.10/turn              (no ring)

@: mighty, lethally poisoned (0 -> -6), attractive, slowed, very slow
A: magic shield
a: no special abilities


You were on level 2 of the Dungeon.
You visited 1 branch of the dungeon, and saw 2 of its levels.

You collected 72 gold pieces.

Inventory:

Hand Weapons
 s - a +0 dagger of venom (weapon)
Armour
 d - a +0 leather armour of fire resistance (worn)
 i - a +0 cloak (worn)
 k - a +0 scale mail of poison resistance
 u - a +2 pair of gloves (worn)
Jewellery
 n - a ring of stealth (left hand)
Scrolls
 f - 2 scrolls of immolation {unknown}
 h - 6 scrolls of remove curse
 j - 5 scrolls of identify {unknown}
 l - 3 scrolls of teleportation {unknown}
 m - a scroll of fog {unknown}
 t - 2 scrolls of random uselessness {unknown}
Potions
 a - a potion of mutation {unknown}
 b - a potion of might
 c - a potion of lignification {unknown}
 g - a potion of berserk rage {unknown}
 q - a potion of curing {unknown}
 r - a potion of heal wounds {unknown}


   Skills:
 + Level 1.2 Armour
 - Level 1.7 Dodging
 - Level 1.7 Stealth
 + Level 2.4 Spellcasting
 * Level 2.5 Conjurations
 + Level 3.1 Fire Magic


You had 6 spell levels left.
You knew the following spells:

 Your Spells              Type           Power        Failure   Level
a - Foxfire               Conj/Fire      48%          8%          1

Your spell library contained the following spells:

 Spells                   Type           Power        Failure   Level
 Conjure Flame            Conj/Fire      12%          22%         3
 Inner Flame              Hex/Fire       7%           36%         3
 Sticky Flame             Conj/Fire      12%          58%         4
 Fireball                 Conj/Fire      6%           91%         5


Dungeon Overview and Level Annotations

Branches:
Dungeon (2/15)

Altars:

Annotations:
D:2 Crazy Yiuf, Sigmund


Innate Abilities, Weirdness & Mutations

When hurt, damage is shared between your health and your magic reserves.


Message History

You feel sick.
Crazy Yiuf looks more healthy.
You hit Crazy Yiuf.
Crazy Yiuf is almost dead.
You feel sick.
Crazy Yiuf says, "Crazy?
Crazy!?
PORCUPINE!"
Crazy Yiuf hits you but does no damage.
You feel yourself slow down.
You barely miss Crazy Yiuf.
Crazy Yiuf is almost dead.
You feel sick.
Crazy Yiuf hits you with a +4 quarterstaff of chaos!
* * * LOW HITPOINT WARNING * * *
Crazy Yiuf freezes you.
* * * LOW HITPOINT WARNING * * *
It was a potion of might.
You feel very mighty all of a sudden.
* * * LOW HITPOINT WARNING * * *
You feel sick. Crazy Yiuf closely misses you. x2
It was a potion of attraction.
You feel attractive to monsters.
You die...

.#..#.#.#...##..##.#
.#..#.#...#........#
.#..#.###.#####>####
##..#.#.......#.#
..#.#...###.#.#
#####.#..#..#.#.#
......#..#..#.#.#
.######..#..#.#.###
.......).#..#†#.@.#
.#######.#..#.#.#g##
..# #.#..#.#....##
..# #.#..####....#
..# ####.#..# #....#
..# #....#..# #....#
†.# #....#..# ##...#
..###....#..# ##.##
#.#.'.......# ##.#


You could see Crazy Yiuf (resistant).

Vanquished Creatures
  2 adders (D:2)
  2 dart slugs (D:1)
  A leopard gecko (D:2)
  4 giant cockroaches
  8 goblins
  4 hobgoblins
  4 jackals (D:2)
  A quokka (D:2)
  5 bats
  A frilled lizard (D:1)
  4 kobolds
  7 rats
43 creatures vanquished.

Vanquished Creatures (others)
  79 foxfires
79 creatures vanquished.

Grand Total: 122 creatures vanquished

Notes
Turn   | Place    | Note
-------+----------+-------------------------------------------
     0 | D:1      | vvl the Demonspawn Fire Elementalist began the quest for
                  | the Orb.
     0 | D:1      | Reached XP level 1. HP: 13/13 MP: 3/3
   345 | D:1      | Gained mutation: When hurt, damage is shared between your
                  | health and your magic reserves. [demonic ancestry]
   345 | D:1      | Reached XP level 2. HP: 19/19 MP: 1/5
  1135 | D:2      | Reached skill level 1 in Armour
  1135 | D:2      | Reached skill level 3 in Fire Magic
  1135 | D:2      | Reached XP level 3. HP: 14/24 MP: 0/6
  1560 | D:2      | Noticed Sigmund
  2330 | D:2      | Reached XP level 4. HP: 30/30 MP: 7/7
  2388 | D:2      | Found a runed translucent door.
  2389 | D:2      | Noticed Crazy Yiuf
  2414 | D:2      | HP: 1/30 [poisoned by Crazy Yiuf]
  2415 | D:2      | Succumbed to Crazy Yiuf's poison

Illustrated notes

Levels and vault maps discovered:
D:1:      ebering_hopf_link, layout_basic
D:2:      layout_basic, minivault_5, minmay_bisected, uniq_sigmund,
          uniq_crazy_yiuf_cottage

Skill      XL: |  1  2 |
---------------+-------+-----
Conjurations   | 2 |  2.5
Armour         | 1 |  1.2
Fire Magic     | 3 |  3.1
Dodging        | |  1.7
Stealth        | |  1.7
Spellcasting   | |  2.4

Action                   |  1- 3 |  4- 6 || total
-------------------------+-------+-------++-------
Melee: Dagger            |   154 |     7 ||   161
 Cast: Foxfire           |    40 |     4 ||    44
  Use: Scroll            |     1 |       ||     1
       Potion            |       |     2 ||     2
 Stab: Sleeping          |     8 |       ||     8
Armor: Robe              |    42 |       ||    42
       Leather armour    |     5 |     2 ||     7
Dodge: Dodged            |   108 |     3 ||   111

Table legend: (Time is in decaauts)
 A = Elapsed time spent in this place.
 B = Non-inter-level travel time spent in this place.
 C = Inter-level travel time spent in this place.
 D = Time resting spent in this place.
 E = Time spent auto-exploring this place.
 F = Levels seen in this place.
 G = Mean time per level.
                   A        B        C        D        E       F      G
               +--------+--------+--------+--------+--------+-----+--------+
         Total |   2414 |   2265 |    149 |      0 |   1829 |   2 | 1207.0 |
       Dungeon |   2414 |   2265 |    149 |      0 |   1829 |   2 | 1207.0 |
               +--------+--------+--------+--------+--------+-----+--------+

Top non-repeatable levels by time:
     D:2: 1421 daAuts
     D:1: 992 daAuts
